 Dungeon Crawl Stone Soup version 0.19.4-9-g45fd643 (webtiles) character file.

176 Switch233 the Shield-Bearer (level 5, -10/41 HPs)
             Began as a Human Fighter on Feb 16, 2017.
             Was an Initiate of Gozag.
             Killed by divine providence
             ... invoked by an orc priest
              (12 damage)
             ... on level 4 of the Dungeon.
             The game lasted 01:17:02 (2664 turns).

Switch233 the Shield-Bearer (Human Fighter)         Turns: 2664, Time: 01:17:03

Health: -10/41     AC: 11    Str: 17    XL:     5   Next: 86%
Magic:  5/5        EV:  5    Int:  9    God:    Gozag
Gold:   234        SH: 11    Dex: 12    Spells: 0 memorised, 4 levels left

rFire  + . .     SeeInvis .     t - +0 falchion
rCold  x . .     Gourm    .     S - +0 chain mail
rNeg   . . .     Faith    .     c - +2 shield
rPois  .         Spirit   .     (no helmet)
rElec  .         Reflect  .     z - +0 cloak
rCorr  .         Harm     .     n - +0 pair of gloves
MR     .....                    (no boots)
Stlth  ..........               (no amulet)
                                k - ring of stealth
                                H - ring of fire

@: no status effects
A: no striking features
a: Potion Petition, Call Merchant, Bribe Branch, Renounce Religion


You were on level 4 of the Dungeon.
You worshipped Gozag.
Gozag was aware of your devotion.
You were not hungry.

You visited 1 branch of the dungeon, and saw 4 of its levels.

You collected 257 gold pieces.
You paid 23 gold pieces to Gozag.

Inventory:

Hand Weapons
 e - a +0 long sword
 g - a +0 blowgun
 m - a +0 short sword
 t - a +0 falchion (weapon)
 w - a +0 spear
 M - a +0 hunting sling
 P - a +0 falchion
 Q - a +0 hunting sling
 U - a +1 hand axe of chopping
Missiles
 a - 15 bolts
 j - 7 curare-tipped needles
 l - 35 poisoned needles
 o - 30 sling bullets
 p - 128 stones (quivered)
 r - 111 arrows
Armour
 b - a +0 scale mail
 c - a +2 shield (worn)
 n - a +0 pair of gloves (worn)
 q - a +0 ring mail
 u - a +0 robe
 z - a +0 cloak (worn)
 N - a +0 robe
 S - a +0 chain mail (worn)
 W - a +0 leather armour
 X - a +0 leather armour
Jewellery
 k - a ring of stealth (right hand)
 H - a ring of fire (left hand)
Wands
 I - a wand of acid (7/15)
Scrolls
 s - a scroll of recharging
 K - a scroll of enchant armour
 L - a scroll of fog {unknown}
 R - a scroll of noise {unknown}
 Z - a scroll of teleportation {unknown}
Potions
 d - a potion of might
 x - a potion of degeneration
 C - a potion of beneficial mutation {unknown}
 J - 2 potions of resistance {unknown}
 T - a potion of berserk rage {unknown}
Comestibles
 f - 2 bread rations
 h - 2 meat rations
 i - a beef jerky


   Skills:
 + Level 3.3 Fighting
 + Level 3.3 Long Blades
 - Level 3.1 Armour
 - Level 0.4 Dodging
 - Level 0.2 Stealth
 * Level 4.9 Shields


You had 4 spell levels left.
You didn't know any spells.

Dungeon Overview and Level Annotations

Branches:
Dungeon (4/15)
 Temple: D:4-7

Altars:
Cheibriados
Dithmenos
Gozag

Shops:
D:4 (

Annotations:
D:1 ?


Message History

The orc priest's wounds heal themselves!
An iguana comes into view.
The iguana hisses angrily.
You block the orc priest's attack.
The orc priest hits you but does no damage.
The orc priest looks satisfied for a moment.
The orc priest calls down the wrath of Beogh upon you.
Beogh smites you!
* * * LOW HITPOINT WARNING * * *
The orc priest hits you but does no damage.
The orc priest calls down the wrath of Beogh upon you.
Beogh smites you!
* * * LOW HITPOINT WARNING * * *
The orc priest hits you but does no damage.
There is a stone staircase leading up here.
You block the iguana's attack.
The orc priest calls down the wrath of Beogh upon you.
Beogh smites you!
You die...
Your body crumbles into a pile of gold.

#..........#
#..........#
#..........#
###...)......#
###...........##
.......##........##
...........>......#
...............o..#
.......#......ol@.#
.....###.......o..#
..... #..........#
..... ##........##
##......## ########


You could see an iguana and 3 orc priests.

Vanquished Creatures
  A hound (D:4)
  An orc priest (D:3)
  5 adders
  An ooze (D:3)
  A leopard gecko (D:2)
  3 orcs (D:3)
  A ball python (D:3)
  6 bats
  4 giant cockroaches
  7 goblins
  6 hobgoblins
  5 jackals
  15 kobolds
  4 frilled lizards (D:2)
  8 rats
  A bush (D:1)
  A fungus (D:1)
70 creatures vanquished.

Notes
Turn   | Place    | Note
-------+----------+-------------------------------------------
     0 | D:1      | Switch233 the Human Fighter began the quest for the Orb.
     0 | D:1      | Reached XP level 1. HP: 18/18 MP: 1/1
   440 | D:1      | Reached XP level 2. HP: 23/24 MP: 2/2
   634 | D:1      | You fall through a shaft!
   634 | D:2      | Found a shadowy altar of Dithmenos.
   634 | D:2      | Found an opulent altar of Gozag.
   703 | D:2      | Reached XP level 3. HP: 23/29 MP: 3/3
  1191 | D:2      | Found a snail-covered altar of Cheibriados.
  1284 | D:2      | Became a worshipper of Gozag Ym Sagoz the Greedy
  1312 | D:2      | Reached skill level 4 in Shields
  1312 | D:2      | Reached XP level 4. HP: 35/35 MP: 4/4
  1858 | D:3      | Reached XP level 5. HP: 17/41 MP: 5/5
  2623 | D:4      | Found Inustu Lile's Antique Weapon Shoppe.
  2659 | D:4      | HP: 2/41 [orc priest/divine providence (10)]
  2664 | D:4      | Killed from afar by an orc priest

Skill      XL: |  1  2  3  4  5 |
---------------+----------------+-----
Shields        | 4 |  4.9
Long Blades    | 3 |  3.3
Fighting       | |  3.3
Armour         | |  3.1
Dodging        | |  0.4
Stealth        | |  0.2

Action                   |  1- 3 |  4- 6 || total
-------------------------+-------+-------++-------
Melee: Long sword        |   218 |    35 ||   253
       Falchion          |       |   135 ||   135
Throw: Stone             |    19 |       ||    19
  Use: Potion            |     2 |     1 ||     3
       Scroll            |     7 |     1 ||     8
  Eat: Chunk             |     2 |     1 ||     3
       Meat ration       |       |     1 ||     1
Armor: Scale mail        |    74 |    11 ||    85
       Chain mail        |       |    59 ||    59
Dodge: Dodged            |    58 |    28 ||    86
Block: Shield            |    81 |   116 ||   197
       Rpst.: Long sword |    18 |     1 ||    19
       Falchion          |       |     9 ||     9
